AoeStats
← LE CORBUSIER

Glade

510743156Analyzed
1v1 RM · 14h ago on Oct 2, 2026· 30m 57s· 2 players
Game mode
Random Map
Map size
Tiny (2 player)
Population
200
Speed
Normal
Resources
Standard
Victory
Conquest
Starting age
Dark Age
Ending age
Imperial Age
RankedLock teamsTeams togetherTeam positionsShared explorationLock speedFull tech treeHidden civsTurbo modeCheats
Victory
Defeat
🇹🇷 Persians · Türkiye
1393
+14
🇩🇪 Berbers · Germany
1356
-14
Kunrt
7:32 Loom
9:52 Feudal Age
15:53 Castle Age
14:16 Double-Bit Axe
14:46 Horse Collar
15:05 Stone Mining
17:58 Wheelbarrow
20:54 Horse Collar
24:58 Fletching
26:52 Bow Saw
LE CORBUSIER
9:57 Feudal Age
13:57 Castle Age
12:59 Double-Bit Axe
13:56 Horse Collar
14:52 Bow Saw
18:58 Loom
20:02 Wheelbarrow
21:31 Gold Mining
22:57 Hand Cart
23:03 Town Watch
23:30 Heavy Plow
24:56 Stone Mining
25:07 Fletching
25:18 Padded Archer Armor
29:01 Imperial Age
27:22 Thumb Ring
26:38 Elite Skirmisher
27:32 Bloodlines
27:22 Husbandry
28:35 Stone Shaft Mining
28:37 Gold Shaft Mining
28:13 Bodkin Arrow
28:33 Leather Archer Armor
30:25 Chemistry
29:45 Ballistics
29:39 Masonry
32:06 Ring Archer Armor
31:47 Forging
Connection lost

Rejoining the realm…

Still unreachable

The connection could not be restored.

Session expired

The server has moved on; the page needs a fresh start.